 Dungeon Crawl Stone Soup version 0.25-a0-294-gea9b1ad378 (webtiles) character file.

Game seed: 10578441634626990359, levelgen mode: deterministic

304 Mirvelgyr the Cudgeler (level 6, -2/49 HPs)
             Began as a Human Fighter on Dec 18, 2019.
             Slain by a hippogriff (8 damage)
             ... on level 3 of the Dungeon.
             The game lasted 00:14:05 (4085 turns).

Mirvelgyr the Cudgeler (Human Fighter)              Turns: 4085, Time: 00:14:05

Health: -2/49      AC:  9    Str: 19    XL:     6   Next: 66%
Magic:  6/6        EV:  5    Int:  8    God:
Gold:   131        SH: 13    Dex: 12    Spells: 5/5 levels left

rFire    . . .     SeeInvis .   a - +0 flail
rCold    . . .     Gourm    .   c - +0 shield
rNeg     . . .     Faith    .   b - +0 chain mail
rPois    .         Spirit   .   (no helmet)
rElec    .         Reflect  +   (no cloak)
rCorr    .         Harm     .   (no gloves)
MR       .....                  (no boots)
Stlth    ..........             p - +4 amulet of reflection
HPRegen  0.16/turn              (no ring)
MPRegen  0.10/turn              (no ring)

@: no status effects
A: no striking features
a: no special abilities


You were on level 3 of the Dungeon.
You were hungry.

You visited 1 branch of the dungeon, and saw 4 of its levels.

You collected 131 gold pieces.

Inventory:

Hand Weapons
 a - a +0 flail (weapon)
Armour
 b - a +0 chain mail (worn)
 c - a +0 shield (worn)
Jewellery
 p - a +4 amulet of reflection (around neck)
Scrolls
 e - a scroll of noise
 h - a scroll of teleportation
 j - a scroll of immolation {unknown}
 k - a scroll of amnesia
 l - 2 scrolls of enchant weapon {unknown}
 m - a scroll of magic mapping {unknown}
Potions
 d - a potion of brilliance
 g - a potion of magic {unknown}
 i - a potion of agility {unknown}
 o - a potion of ambrosia {unknown}
Comestibles
 f - 5 rations
 n - 6 chunks of flesh


   Skills:
 + Level 4.6 Fighting
 * Level 5.5 Maces & Flails
 - Level 3.0 Armour
 - Level 3.0 Shields


You had 5 spell levels left.
You didn't know any spells.
Your spell library was empty.

Dungeon Overview and Level Annotations

Branches:
Dungeon (4/15)             Temple (0/1) D:4

Altars:
Cheibriados
Kikubaaqudgha
Makhleb
Okawaru
Uskayaw
Zin
The Shining One


Message History

You block the hippogriff's attack. The hippogriff pecks you.
* * * LOW HITPOINT WARNING * * *
You block the hippogriff's attack.
You hit the hippogriff but do no damage.
The hippogriff is moderately wounded.
You block the hippogriff's attack. The hippogriff pecks you.
* * * LOW HITPOINT WARNING * * *
You block the hippogriff's attack.
You hit the hippogriff.
The hippogriff is moderately wounded.
The hippogriff bites you but does no damage.
The hippogriff barely misses you. The hippogriff claws you.
* * * LOW HITPOINT WARNING * * *
Your shield prevents you from hitting the hippogriff.
The hippogriff is moderately wounded.
You block the hippogriff's attack.
The hippogriff pecks you but does no damage.
The hippogriff claws you but does no damage.
The hippogriff bites you!
You die...

#(.(....................
#((...........######.##≈
#......#>............##≈
#......#.............≈≈.
#......#.##.#..#####.≈≈.
####'###.#.##.#..#####.≈≈.
#........#r##.#....#...≈≈.
#.##.#.#.#H##.#.##.#.#.≈≈.
#)##.#...@.........#.#.##≈
#<##.#...#.##...##.#.#.##≈
#.##.#...#.###..##.#.#....
####.#...#.........#.#....
#.#..........##.#.#.#..
#.#.....##....#.#...+..
#.#.............###.#..
#.#####.###.......#.###
#.# #.# #.......#[###


You could see a hippogriff and a quokka.

Vanquished Creatures
  A howler monkey (D:4)
  A crimson imp (D:3)
  A hound zombie (D:2)
  3 gnolls (D:3)
  7 adders
  A river rat (D:3)
  A shadow imp (D:3)
  An ooze (D:1)
  2 worms
  5 leopard geckos
  5 orcs (D:3)
  2 giant cockroaches (D:1)
  14 goblins
  15 hobgoblins
  12 kobolds
  2 quokkas
  2 ball pythons
  4 bats
  4 frilled lizards
  A leopard gecko skeleton (D:4)
  6 rats
90 creatures vanquished.

Vanquished Creatures (others)
  A withered plant (D:3)
1 creature vanquished.

Grand Total: 91 creatures vanquished

Notes
Turn   | Place    | Note
-------+----------+-------------------------------------------
     0 | D:1      | Mirvelgyr the Human Fighter began the quest for the Orb.
     0 | D:1      | Reached XP level 1. HP: 18/18 MP: 1/1
    79 | D:1      | Reached XP level 2. HP: 1/24 MP: 2/2
   392 | D:1      | Found a glowing golden altar of the Shining One.
   586 | D:1      | Reached skill level 3 in Maces & Flails
   586 | D:1      | Reached XP level 3. HP: 19/29 MP: 3/3
  1283 | D:2      | Reached XP level 4. HP: 28/35 MP: 4/4
  1601 | D:2      | Found a snail-covered altar of Cheibriados.
  1601 | D:2      | Found a hide-covered altar of Uskayaw.
  1698 | D:3      | Reached skill level 4 in Maces & Flails
  1747 | D:3      | Found an ancient bone altar of Kikubaaqudgha.
  1809 | D:3      | Reached XP level 5. HP: 35/42 MP: 5/5
  2694 | D:2      | Noticed an ogre
  3489 | D:3      | Found a glowing silver altar of Zin.
  3504 | D:3      | Reached XP level 6. HP: 46/48 MP: 6/6
  3674 | D:3      | Found a burning altar of Makhleb.
  3715 | D:3      | Reached skill level 5 in Maces & Flails
  4031 | D:4      | Found an iron altar of Okawaru.
  4043 | D:4      | Noticed an ogre
  4043 | D:4      | Noticed a hippogriff
  4055 | D:4      | Found a staircase to the Ecumenical Temple.
  4085 | D:3      | Slain by a hippogriff

Levels and vault maps discovered:
D:1:      tarquinn_simple_flora_water_a, layout_basic, tso_altar
D:2:      layout_basic, gammafunk_temple_overflow_elements, first_ration,
          serial_glass, glass_columns_a, glass_columns_a, glass_columns_b,
          glass_columns_a, glass_columns_a, glass_columns_b
D:3:      layout_basic, makhleb_grotto_becter, zin_statuary,
          kiku_gazebo_garden_becter, cheibrodos_sewer_entry_sluice
D:4:      layout_basic, lemuel_round_altar, minmay_temple_entry_large_hall,
          gammafunk_ghost_necromancy

Skill      XL: |  1  2  3  4  5  6 |
---------------+-------------------+-----
Maces & Flails | 3 4 5 |  5.5
Fighting       | 4 |  4.6
Armour         | |  3.0
Shields        | |  3.0

Action                   |  1- 3 |  4- 6 || total
-------------------------+-------+-------++-------
Melee: Flail             |   146 |   278 ||   424
  Use: Potion            |     2 |     2 ||     4
       Scroll            |       |     5 ||     5
  Eat: Chunk             |     2 |     5 ||     7
       Ration            |       |     1 ||     1
Armor: Scale mail        |    64 |    25 ||    89
       Chain mail        |       |    99 ||    99
Dodge: Dodged            |    47 |    58 ||   105
Block: Shield            |    66 |   176 ||   242

Table legend:
 A = Non-vault XP
 B = Vault XP
 C = Vault XP percentage of total XP
 D = Non-vault monster count
 E = Vault monster count
 F = Vault count percentage of total count
                 A         B        C        D         E       F
            +---------+---------+-------+---------+---------+-------
      Total |     371 |      64 |  14.7 |      87 |       3 |   3.3
            +---------+---------+-------+---------+---------+-------
        D:1 |      61 |       0 |   0.0 |      31 |       0 |   0.0
        D:2 |     117 |       0 |   0.0 |      27 |       0 |   0.0
        D:3 |     125 |      64 |  33.9 |      26 |       3 |  10.3
        D:4 |      68 |       0 |   0.0 |       3 |       0 |   0.0
            +---------+---------+-------+---------+---------+-------
